[Event "December 19 Early 2023"]
[Site "https://www.chess.com"]
[Date "2023.12.19"]
[Round "10"]
[White "Spichkin, Alexander"]
[Black "Andreev, Konstantin"]
[Result "0-1"]
[Board "77"]
[TimeControl "180+1"]
[WhiteFideId "4144074"]
[BlackFideId "24239305"]
[WhiteElo "1955"]
[BlackElo "2093"]
[WhiteTeam "RUS"]
[BlackTeam "ITA"]
[WhiteClock "0:00:48"]
[BlackClock "0:01:47"]

1. f4 d5 2. Nf3 c5 3. e3 b6 4. b3 Nf6 5. Bb2 e6 6. Ne5 Ba6 7. d3 Bd6 8. Be2 Nbd7 9. O-O O-O 10. Rf3 Qc7 11. Nxd7 Nxd7 12. Rh3 e5 13. Bf3 Bb7 14. c4 exf4 15. cxd5 fxe3 16. Be4 f5 17. Qh5 Nf6 18. Bxf6 Rxf6 19. Qxh7+ Kf7 20. Bf3 Be5 21. Bh5+ Kf8 22. Qh8+ Ke7 23. Qxg7+ Kd6 24. Qxc7+ Kxc7 25. Nc3 Bxc3 26. Rf1 Bxd5 27. Be2 Rg8 28. g3 f4 29. Rh7+ Kd6 30. Rh5 f3 31. Bxf3 Bxf3 0-1

[Event "December 19 Early 2023"]
[Site "https://www.chess.com"]
[Date "2023.12.19"]
[Round "10"]
[White "Estrada Nieto, Julian"]
[Black "Borawski, Jakub"]
[Result "1-0"]
[Board "78"]
[TimeControl "180+1"]
[WhiteFideId "5101018"]
[BlackFideId "1143000"]
[WhiteElo "2161"]
[BlackElo "2052"]
[WhiteTeam "ESP"]
[BlackTeam "POL"]
[WhiteClock "0:00:48"]
[BlackClock "0:00:01"]

1. e4 e5 2. Nf3 Nc6 3. Bb5 a6 4. Ba4 Nf6 5. O-O Be7 6. Re1 b5 7. Bb3 d6 8. a4 b4 9. d3 O-O 10. Nbd2 Na5 11. Ba2 c5 12. Nc4 Nxc4 13. Bxc4 a5 14. Bg5 h6 15. Bxf6 Bxf6 16. Nd2 Qe7 17. Nf1 Be6 18. Ne3 g6 19. Nd5 Bxd5 20. Bxd5 Ra7 21. Qg4 Kh7 22. c3 Bg7 23. cxb4 cxb4 24. Rac1 Rc7 25. Rc4 f5 26. exf5 gxf5 27. Qh5 Rxc4 28. Bxc4 Qg5 29. Qe2 Re8 30. Bd5 Kh8 31. g3 Rc8 32. h4 Qg6 33. Kg2 Rc5 34. Bb3 d5 35. d4 exd4 36. Qe7 Rc8 37. Re6 Qg4 38. Bxd5 f4 39. Qf7 Rf8 40. Re8 Rxe8 41. Qxe8+ Kh7 42. Bg8+ Kh8 43. Be6+ 1-0

[Event "December 19 Early 2023"]
[Site "https://www.chess.com"]
[Date "2023.12.19"]
[Round "10"]
[White "Blokhin, Sofia"]
[Black "Cattaneo, Marco"]
[Result "1/2-1/2"]
[Board "79"]
[TimeControl "180+1"]
[WhiteFideId "4508190"]
[BlackFideId "878332"]
[WhiteElo "1916"]
[BlackElo "2186"]
[WhiteTeam "EST"]
[BlackTeam "ITA"]
[WhiteClock "0:00:06"]
[BlackClock "0:00:07"]

1. d4 g6 2. e4 Bg7 3. Nc3 c6 4. f3 d5 5. Be3 dxe4 6. fxe4 Nf6 7. Nf3 O-O 8. Qd2 b5 9. a3 a5 10. e5 Nd5 11. Nxd5 Qxd5 12. Bh6 Bf5 13. Bxg7 Kxg7 14. h4 h5 15. Bd3 Bxd3 16. Qxd3 Nd7 17. O-O c5 18. c3 cxd4 19. cxd4 Rac8 20. Rac1 Nb6 21. Ng5 Rxc1 22. Rxc1 Nc4 23. b3 Nxe5 24. Qe3 Ng4 25. Qxe7 Qxd4+ 26. Kh1 Nf2+ 27. Kh2 Ng4+ 28. Kh1 Kg8 29. Rf1 Nf2+ 30. Kh2 Qxh4+ 31. Kg1 Ng4 32. Rxf7 Qh2+ 33. Kf1 Qh1+ 34. Ke2 Qxg2+ 35. Kd1 Qg1+ 36. Kd2 Qd4+ 37. Kc2 Ne3+ 38. Kb1 Qd3+ 39. Ka2 Qd2+ 40. Kb1 Qc2+ 41. Ka1 Qc1+ 42. Ka2 Qd2+ 43. Kb1 Qd1+ 44. Ka2 Qe2+ 45. Kb1 Qe1+ 46. Ka2 Qd2+ 1/2-1/2

[Event "December 19 Early 2023"]
[Site "https://www.chess.com"]
[Date "2023.12.19"]
[Round "10"]
[White "Yuan, Qingyu"]
[Black "Czerw, Dawid"]
[Result "1-0"]
[Board "80"]
[TimeControl "180+1"]
[WhiteFideId "8609772"]
[BlackFideId "1145746"]
[WhiteElo "2359"]
[BlackElo "2144"]
[WhiteTeam "CHN"]
[BlackTeam "POL"]
[WhiteClock "0:00:05"]
[BlackClock "0:00:00"]

1. e4 c6 2. d4 g6 3. Nf3 Bg7 4. h3 d5 5. e5 f6 6. Bf4 Nh6 7. Nbd2 Nf7 8. Bd3 Na6 9. c3 Nc7 10. Qe2 O-O 11. O-O Ne6 12. Bh2 f5 13. a4 Bh6 14. a5 Neg5 15. Nxg5 Nxg5 16. Kh1 f4 17. Nf3 Bf5 18. Bxf5 Rxf5 19. Nxg5 Bxg5 20. f3 e6 21. Ra3 h5 22. Rfa1 Bh6 23. Rb3 Rf7 24. Qd3 Rg7 25. Ra4 Rc8 26. c4 dxc4 27. Rxc4 g5 28. a6 b5 29. Rc1 g4 30. Rbc3 gxh3 31. gxh3 Qh4 32. Qf1 Kh8 33. Rxc6 Rcg8 34. Rxe6 Bg5 35. d5 Bd8 36. Rh6+ Rh7 37. Rcc6 Rg3 38. Rxh7+ Kxh7 39. Bxg3 fxg3 40. Kg2 Qf4 41. Qe2 Bh4 42. Qc2+ 1-0

[Event "December 19 Early 2023"]
[Site "https://www.chess.com"]
[Date "2023.12.19"]
[Round "10"]
[White "Hua, Lefong"]
[Black "Mazurkiewicz, Michal"]
[Result "1-0"]
[Board "81"]
[TimeControl "180+1"]
[WhiteFideId "2602253"]
[BlackFideId "1124943"]
[WhiteElo "2672"]
[BlackElo "2103"]
[WhiteTeam "CAN"]
[BlackTeam "POL"]
[WhiteClock "0:00:26"]
[BlackClock "0:00:03"]

1. d4 Nf6 2. c4 e5 3. dxe5 Ng4 4. Bf4 Nc6 5. Nf3 Bb4+ 6. Nbd2 Qe7 7. e3 Ngxe5 8. Nxe5 Nxe5 9. Be2 d6 10. O-O a5 11. Nb3 a4 12. a3 Ba5 13. Nxa5 Rxa5 14. Qc2 O-O 15. Rfd1 Be6 16. Rd4 b6 17. Rad1 g5 18. Bg3 f5 19. f4 Ng6 20. fxg5 Qxg5 21. Bf4 Qf6 22. Bf3 Rc5 23. Qxa4 Ne5 24. Bd5 Bxd5 25. cxd5 Kh8 26. Qb3 Rg8 27. Kh1 Ng4 28. R4d2 Re8 29. Qd3 b5 30. h3 Qh4 31. Kg1 Ne5 32. Qd4 Rc4 33. Bxe5+ Rxe5 34. Qxh4 Rxh4 35. Kf2 Rc4 36. Rd4 Rc2+ 37. R1d2 Rxd2+ 38. Rxd2 Kg7 39. Rc2 Rxd5 40. Rxc7+ Kg6 41. Ke2 Re5 42. Rc6 Re6 43. Kd3 Kg5 44. Rb6 Kh4 45. Rxb5 Kg3 46. Rxf5 Kxg2 47. Rh5 Kf2 48. Rf5+ Kg3 49. a4 Re7 50. a5 Kxh3 51. a6 Kg4 52. Ra5 Ra7 53. b4 h5 54. b5 h4 55. b6 Ra8 56. b7 Rb8 57. a7 Rxb7 58. a8=Q Rb3+ 59. Kd2 Rb2+ 60. Kc3 Rf2 61. Qg8+ Kh3 62. Qe6+ 1-0

[Event "December 19 Early 2023"]
[Site "https://www.chess.com"]
[Date "2023.12.19"]
[Round "10"]
[White "Ovetchkin, Roman"]
[Black "Hrebenshchykova, Yelyzaveta"]
[Result "1-0"]
[Board "82"]
[TimeControl "180+1"]
[WhiteFideId "4119991"]
[BlackFideId "14159899"]
[WhiteElo "2381"]
[BlackElo "2045"]
[WhiteTeam "RUS"]
[BlackTeam "UKR"]
[WhiteClock "0:00:10"]
[BlackClock "0:00:00"]

1. d4 Nf6 2. c4 e6 3. g3 d5 4. Bg2 dxc4 5. Nf3 a6 6. O-O Nc6 7. Bg5 Be7 8. e3 Bd7 9. Qe2 b5 10. b3 cxb3 11. axb3 O-O 12. Rc1 Ra7 13. Nc3 Nb4 14. Ne5 Be8 15. Na2 Nfd5 16. Bxe7 Qxe7 17. Nd3 Nxd3 18. Qxd3 c6 19. Nc3 Nb4 20. Qd2 f5 21. Ne2 Bd7 22. Rc5 a5 23. h4 Rfa8 24. Nf4 Nd5 25. Bxd5 exd5 26. Rc2 a4 27. Rca2 a3 28. b4 Ra4 29. Nd3 Be8 30. Nc5 R4a7 31. Qc3 g5 32. hxg5 Qxg5 33. Rxa3 Rxa3 34. Rxa3 Rc8 35. Ne6 Qf6 36. Nf4 h5 37. Nxd5 Qg7 38. Qc5 Rd8 39. Nf4 h4 40. Qxf5 hxg3 41. Ne6 1-0

[Event "December 19 Early 2023"]
[Site "https://www.chess.com"]
[Date "2023.12.19"]
[Round "10"]
[White "Azali, Tannaz"]
[Black "Puzzlebot_1294"]
[Result "1-0"]
[Board "83"]
[TimeControl "180+1"]
[WhiteFideId "12537721"]
[WhiteElo "1828"]
[BlackElo "2646"]
[WhiteTeam "IRI"]
[WhiteClock "0:00:09"]
[BlackClock "0:00:17"]

1. e4 e5 2. Nc3 Nc6 3. Bc4 Nf6 4. d3 Na5 5. Nge2 c6 6. O-O d6 7. h3 Qc7 8. Be3 Be7 9. Bb3 Nxb3 10. axb3 a6 11. f4 h6 12. Ng3 O-O 13. fxe5 dxe5 14. Nf5 Bxf5 15. Rxf5 Kh7 16. Qf3 Rae8 17. Rf1 Bd8 18. Ne2 c5 19. g4 Re6 20. Qg3 Ng8 21. Nc3 b6 22. Nd5 Qd7 23. Rxe5 Bc7 24. Nxc7 Qxc7 25. Bf4 Qd7 26. Rd5 Qc6 27. Rd6 Qc8 28. Rxe6 Qxe6 29. Be5 Re8 30. Bc3 b5 31. b4 c4 32. Qf4 cxd3 33. cxd3 f6 34. Re1 Ne7 35. d4 Qc6 36. d5 Qd7 37. Kg2 Nc8 38. Qf5+ Qxf5 39. gxf5 Nd6 40. Kf3 Kg8 41. Kf4 Kf7 42. e5 fxe5+ 43. Rxe5 Rxe5 44. Bxe5 Nc4 45. d6 Nb6 46. Ke4 g6 47. fxg6+ Kxg6 48. Bd4 Nd7 49. Kd5 Kf5 50. Kc6 Ke6 51. Bc5 Ne5+ 52. Kb6 Nc4+ 53. Kxa6 Nxb2 54. Kxb5 Kd7 55. Be3 h5 56. Bf4 Nd3 57. Bg3 Nb2 58. Kc5 Na4+ 59. Kd5 Nc3+ 60. Kc4 Ne4 61. Be5 Ng5 62. h4 Nf3 63. Bg3 Nd2+ 64. Kd3 Nb1 65. b5 Na3 66. b6 Kc6 67. d7 Kxd7 68. b7 Nb5 69. b8=Q Ke6 70. Qe5+ Kf7 71. Qxb5 Kg6 72. Qg5+ Kh7 73. Qxh5+ Kg7 74. Qg5+ Kh7 75. Ke4 Kh8 76. Kf5 Kh7 77. Kf6 Kh8 78. Qg7# 1-0

[Event "December 19 Early 2023"]
[Site "https://www.chess.com"]
[Date "2023.12.19"]
[Round "10"]
[White "Dmitrenko, Viktor"]
[Black "Espinoza Villanueva, Rodrigo"]
[Result "0-1"]
[Board "84"]
[TimeControl "180+1"]
[WhiteFideId "14110270"]
[BlackFideId "5140188"]
[WhiteElo "2292"]
[BlackElo "1907"]
[WhiteTeam "UKR"]
[BlackTeam "MEX"]
[WhiteClock "0:00:00"]
[BlackClock "0:00:20"]

1. e4 c5 2. Nf3 e6 3. c3 Nc6 4. d4 d5 5. e5 Nh6 6. Be2 Nf5 7. Na3 Bd7 8. Nc2 Rc8 9. O-O h5 10. dxc5 Bxc5 11. b4 Be7 12. Bd3 g6 13. Re1 a6 14. a4 Kf8 15. Bf4 Kg7 16. Qd2 h4 17. Bxf5 gxf5 18. h3 Rh5 19. Ncd4 Qh8 20. b5 Na5 21. Qe2 Nc4 22. Nd2 Qh7 23. Nxc4 Rxc4 24. bxa6 bxa6 25. Bd2 Qg6 26. Kh1 Bg5 27. Nf3 Bxd2 28. Qxd2 Re4 29. Rxe4 fxe4 30. Nh2 Rg5 31. Ng4 Rxg4 32. hxg4 Qxg4 33. Qe3 Bxa4 34. Rxa4 Qd1+ 35. Kh2 Qxa4 36. Qg5+ Kf8 37. Qd8+ Qe8 38. Qxh4 a5 39. f3 e3 40. Qd4 Qe7 41. Qxe3 Qh4+ 42. Kg1 a4 43. Qa7 Qe1+ 44. Kh2 Qxe5+ 45. Kg1 Qxc3 46. Qxa4 d4 47. Qa8+ Kg7 48. Qe4 d3 0-1

[Event "December 19 Early 2023"]
[Site "https://www.chess.com"]
[Date "2023.12.19"]
[Round "10"]
[White "Karttunen, Mika"]
[Black "Melikhov, Evgeny V."]
[Result "1/2-1/2"]
[Board "85"]
[TimeControl "180+1"]
[WhiteFideId "502081"]
[BlackFideId "4122046"]
[WhiteElo "2396"]
[BlackElo "2165"]
[WhiteTeam "FIN"]
[BlackTeam "GRE"]
[WhiteClock "0:00:09"]
[BlackClock "0:00:14"]

1. d4 Nf6 2. c4 e6 3. Nc3 Bb4 4. f3 d5 5. a3 Bxc3+ 6. bxc3 c6 7. Qc2 O-O 8. e3 b6 9. cxd5 cxd5 10. Qa4 Qe8 11. Qxe8 Rxe8 12. a4 Ba6 13. Bb5 Bxb5 14. axb5 a5 15. Ne2 Rc8 16. Ba3 Nbd7 17. Kd2 Rc4 18. Rab1 Rac8 19. Bd6 Ne8 20. Bg3 Ndf6 21. Rb3 Kf8 22. h4 Ke7 23. Bh2 Nd6 24. Ra1 Rd8 25. g4 Rcc8 26. g5 Nfe8 27. Kd3 Nc4 28. e4 f5 29. exf5 exf5 30. h5 g6 31. hxg6 hxg6 32. Nf4 Kf7 33. Rbb1 Ng7 34. Re1 Nh5 35. Nxh5 gxh5 36. Be5 Kg6 37. Bf6 Re8 38. Be7 Rc7 39. Bf6 Rcc8 40. Be7 Rc7 41. Bf6 Rcc8 1/2-1/2

[Event "December 19 Early 2023"]
[Site "https://www.chess.com"]
[Date "2023.12.19"]
[Round "10"]
[White "Stillger, Bernhard"]
[Black "Nigalidze, Gaioz"]
[Result "0-1"]
[Board "86"]
[TimeControl "180+1"]
[WhiteFideId "4610768"]
[BlackFideId "13603078"]
[WhiteElo "2252"]
[BlackElo "2400"]
[WhiteTeam "GER"]
[BlackTeam "GEO"]
[WhiteClock "0:00:59"]
[BlackClock "0:01:29"]

1. Nf3 b5 2. e4 Bb7 3. Bxb5 Bxe4 4. d4 a6 5. Ba4 Nf6 6. c4 e6 7. Nc3 Bb4 8. O-O Bxc3 9. bxc3 O-O 10. Re1 h6 11. c5 Nc6 12. Bf4 Na5 13. Nd2 Bc6 14. Bc2 Nd5 15. Qg4 Nxf4 16. Qxf4 d6 17. cxd6 cxd6 18. Rab1 Bd5 19. a4 Rc8 20. Re3 Qg5 21. Qxd6 Qxg2# 0-1

[Event "December 19 Early 2023"]
[Site "https://www.chess.com"]
[Date "2023.12.19"]
[Round "10"]
[White "Begunov, Konstantin"]
[Black "Thorfinnsson, Bragi"]
[Result "0-1"]
[Board "87"]
[TimeControl "180+1"]
[WhiteFideId "4118510"]
[BlackFideId "2300958"]
[WhiteElo "2082"]
[BlackElo "2325"]
[WhiteTeam "RUS"]
[BlackTeam "ISL"]
[WhiteClock "0:00:30"]
[BlackClock "0:01:38"]

1. d4 d5 2. c4 e5 3. dxe5 Ne7 4. cxd5 Qxd5 5. Qxd5 Nxd5 6. e4 Nb4 7. Na3 N8c6 8. Nf3 Bg4 9. Bf4 O-O-O 10. Bc4 Bxf3 11. gxf3 Nd4 12. Bxf7 Nxf3+ 13. Kf1 Nd3 14. Bg3 Ndxe5 15. Be6+ Kb8 16. Nc4 Nxc4 17. Bxc4 Nd2+ 0-1

[Event "December 19 Early 2023"]
[Site "https://www.chess.com"]
[Date "2023.12.19"]
[Round "10"]
[White "Aswath, S"]
[Black "Tay, Junior"]
[Result "0-1"]
[Board "88"]
[TimeControl "180+1"]
[WhiteFideId "46694919"]
[BlackFideId "5800439"]
[WhiteElo "2138"]
[BlackElo "2216"]
[WhiteTeam "IND"]
[BlackTeam "SGP"]
[WhiteClock "0:00:00"]
[BlackClock "0:00:25"]

1. c4 e6 2. g3 d5 3. Bg2 c5 4. Nf3 Nc6 5. O-O Nf6 6. d4 cxd4 7. Nxd4 Bc5 8. Nxc6 bxc6 9. Qc2 Qb6 10. Nc3 Be7 11. Be3 Qa6 12. cxd5 exd5 13. Na4 O-O 14. Bc5 Re8 15. Rfe1 Bg4 16. Bxe7 Rxe7 17. e3 Rae8 18. Nc5 Qb6 19. Qc3 h5 20. h3 Bc8 21. Rac1 Qd8 22. Qd4 Qd6 23. Nd3 Ne4 24. Nf4 g6 25. Bxe4 Rxe4 26. Qxa7 g5 27. Ne2 Bxh3 28. Qc5 Qf6 29. Nd4 Rxd4 30. exd4 Rxe1+ 31. Rxe1 Qf3 32. Re8+ Kh7 33. Qc2+ Kg7 0-1

[Event "December 19 Early 2023"]
[Site "https://www.chess.com"]
[Date "2023.12.19"]
[Round "10"]
[White "Nanu, Costica-Ciprian"]
[Black "Joel Paul Ganta"]
[Result "1-0"]
[Board "89"]
[TimeControl "180+1"]
[WhiteFideId "1204580"]
[BlackFideId "35066145"]
[WhiteElo "2485"]
[BlackElo "1891"]
[WhiteTeam "ROU"]
[BlackTeam "IND"]
[WhiteClock "0:01:08"]
[BlackClock "0:00:00"]

1. a3 a6 2. Nf3 Nf6 3. e3 e6 4. c4 c5 5. Nc3 Nc6 6. d4 cxd4 7. exd4 d5 8. c5 Be7 9. Bd3 O-O 10. O-O e5 11. dxe5 Ng4 12. h3 Ngxe5 13. Nxe5 Nxe5 14. Bxh7+ Kxh7 15. Qh5+ Kg8 16. Qxe5 Be6 17. Be3 Bf6 18. Qf4 Re8 19. Rad1 Qd7 20. Bd4 Bxd4 21. Rxd4 Rac8 22. b4 b6 23. Nxd5 Bxd5 24. Rfd1 Rcd8 25. Rxd5 1-0

[Event "December 19 Early 2023"]
[Site "https://www.chess.com"]
[Date "2023.12.19"]
[Round "10"]
[White "Santos, Rafael Ventura Dos"]
[Black "Tulchynskyi, Feliks"]
[Result "0-1"]
[Board "90"]
[TimeControl "180+1"]
[WhiteFideId "2122227"]
[BlackFideId "34127895"]
[WhiteElo "2138"]
[BlackElo "2131"]
[WhiteTeam "BRA"]
[BlackTeam "UKR"]
[WhiteClock "0:00:09"]
[BlackClock "0:00:36"]

1. e4 e6 2. d4 d5 3. Nd2 Nf6 4. e5 Nfd7 5. Bd3 c5 6. c3 b6 7. Ne2 Ba6 8. Nf4 Bxd3 9. Nxd3 Nc6 10. Nf3 Be7 11. O-O O-O 12. Nf4 b5 13. Re1 b4 14. c4 Nb6 15. cxd5 Nxd5 16. dxc5 Bxc5 17. Nxd5 exd5 18. Be3 d4 19. Bg5 Qd5 20. Qb3 Qxb3 21. axb3 h6 22. Bh4 g5 23. Bg3 Rfc8 24. Nd2 Nd8 25. Rac1 Ne6 26. Ne4 Be7 27. Nd6 Rc5 28. Nf5 Kf8 29. Rxc5 Bxc5 30. Rc1 Rd8 31. Nd6 Bxd6 32. exd6 Nf4 33. Bxf4 gxf4 34. Kf1 Rxd6 35. Ke2 a5 36. Rc5 d3+ 37. Kd2 Rg6 38. g3 fxg3 39. hxg3 Rf6 40. f4 Rg6 41. Rxa5 Rxg3 42. Rd5 Ke7 43. Rd4 h5 44. Rxb4 h4 45. f5 h3 46. Rh4 Kf6 47. b4 Kg5 48. Rh8 Kg4 49. b5 Rg2+ 50. Kxd3 Rxb2 51. Kc4 h2 52. b6 Kg3 53. Kc5 Kg2 54. f6 h1=Q 55. Rxh1 Kxh1 56. Kc6 Kg2 57. b7 Kf3 58. Kc7 Ke4 59. b8=Q Rxb8 60. Kxb8 Ke5 61. Kc7 Kxf6 62. Kd6 Kg5 63. Ke5 f5 64. Kd4 Kf4 65. Kd3 Kf3 66. Kd2 f4 67. Ke1 Kg2 68. Kd2 f3 0-1

[Event "December 19 Early 2023"]
[Site "https://www.chess.com"]
[Date "2023.12.19"]
[Round "10"]
[White "Tifferet, Shakked"]
[Black "Martin, Lewis"]
[Result "1-0"]
[Board "91"]
[TimeControl "180+1"]
[WhiteFideId "2811529"]
[BlackFideId "410551"]
[WhiteElo "2142"]
[BlackElo "2145"]
[WhiteTeam "ISR"]
[BlackTeam "ENG"]
[WhiteClock "0:00:06"]
[BlackClock "0:00:04"]

1. e4 c6 2. d4 d5 3. e5 Bf5 4. Be3 e6 5. Nd2 Nd7 6. g4 Bg6 7. Be2 f6 8. f4 fxe5 9. dxe5 Bc5 10. Bxc5 Nxc5 11. h4 h5 12. f5 exf5 13. gxh5 Bf7 14. Ngf3 Nh6 15. Ng5 d4 16. Ndf3 Bxh5 17. Qxd4 Qxd4 18. Nxd4 Bxe2 19. Kxe2 O-O-O 20. Rad1 Rhe8 21. Ndf3 Rxd1 22. Rxd1 Ng4 23. Nf7 Kc7 24. Nd6 Re7 25. Nxf5 Rf7 26. N5d4 Re7 27. Nf5 Rf7 28. Rg1 Nxe5 29. Rxg7 Rxg7 30. Nxg7 Ng4 31. Nf5 Kd7 32. h5 Ke6 33. h6 Nf6 34. N3d4+ Kf7 35. Nd6+ Kg6 36. Nxb7 Nxb7 37. Nxc6 a6 38. c4 Kxh6 39. b4 Kg5 40. a4 Kf4 41. Kd3 Nd7 42. a5 Nd6 43. Kd4 Kf5 44. Kd5 Nb7 45. b5 axb5 46. a6 Nb6+ 47. Kd4 Nd6 48. c5 Ndc8 49. cxb6 Nxb6 50. Kc5 Na8 51. Nd4+ Kf6 52. Nxb5 Ke7 53. Kc6 Kd8 54. Kb7 Kd7 55. Kxa8 Kc8 56. Ka7 Kd7 57. Kb6 1-0

[Event "December 19 Early 2023"]
[Site "https://www.chess.com"]
[Date "2023.12.19"]
[Round "10"]
[White "Dinu, Dumitru-Daniel"]
[Black "Petrova, Irina"]
[Result "0-1"]
[Board "92"]
[TimeControl "180+1"]
[WhiteFideId "1208403"]
[BlackFideId "14124122"]
[WhiteElo "2240"]
[BlackElo "2085"]
[WhiteTeam "ROU"]
[BlackTeam "UKR"]
[WhiteClock "0:00:06"]
[BlackClock "0:00:14"]

1. e4 d6 2. d4 Nf6 3. Nc3 e5 4. Nf3 Nbd7 5. Bc4 Be7 6. O-O c6 7. a4 O-O 8. Re1 h6 9. h3 Re8 10. a5 Bf8 11. d5 b5 12. Bb3 b4 13. dxc6 Nb8 14. Nd5 Nxc6 15. a6 Be6 16. Bd2 Rb8 17. Ra4 Qc8 18. Nxf6+ gxf6 19. Be3 Qd7 20. Nh4 f5 21. exf5 Bxf5 22. Qf3 Be6 23. Bxe6 fxe6 24. Qg4+ Qg7 25. Qe4 d5 26. Qd3 e4 27. Qd2 Ne5 28. Bf4 Nc4 29. Qd1 Rbc8 30. Qe2 Nxb2 31. Ra5 Nc4 32. Rb5 Be7 33. Rb7 Qf6 34. Qh5 Qxh4 35. Qg6+ Kh8 36. Bxh6 Rg8 37. Qxe6 Rce8 38. Qxd5 Qxh6 39. Qxc4 Bh4 40. Qc7 Qg7 41. Qxg7+ Rxg7 42. Rxg7 Kxg7 43. Rd1 Re6 44. Rd7+ Re7 45. Rd4 Kf6 46. Rxb4 Re6 47. Ra4 Ke5 48. g3 Bd8 49. Rc4 Bb6 50. h4 Rf6 51. Kg2 Rxf2+ 52. Kh3 Rf6 53. h5 e3 54. Rc8 e2 55. Re8+ Re6 56. Rxe6+ Kxe6 57. h6 e1=Q 58. h7 Qh1+ 59. Kg4 Qxh7 60. Kf3 Qf5+ 61. Kg2 Qg4 62. c4 Bc7 63. Kf1 Qxg3 64. c5 Ba5 65. Ke2 Qc3 66. c6 Qxc6 67. Kd3 Qxa6+ 68. Ke4 Qc6+ 69. Kd3 Qc5 70. Ke4 a6 71. Kf3 Qd4 72. Ke2 Bb6 73. Kf3 Qe3+ 74. Kg4 Qf2 75. Kg5 Qf5+ 76. Kh6 Be3+ 77. Kg7 Qf6+ 78. Kg8 Qf7+ 79. Kh8 Bd4# 0-1

[Event "December 19 Early 2023"]
[Site "https://www.chess.com"]
[Date "2023.12.19"]
[Round "10"]
[White "Boor, Carl"]
[Black "Von Buelow, Georg"]
[Result "0-1"]
[Board "93"]
[TimeControl "180+1"]
[WhiteFideId "2017008"]
[BlackFideId "4620658"]
[WhiteElo "2330"]
[BlackElo "2256"]
[WhiteTeam "USA"]
[BlackTeam "GER"]
[WhiteClock "0:01:00"]
[BlackClock "0:00:41"]

1. d4 Nf6 2. Bg5 d5 3. e3 c5 4. c3 cxd4 5. cxd4 Nc6 6. Nc3 a6 7. Bd3 Bg4 8. Nge2 Bxe2 9. Qxe2 e6 10. O-O Be7 11. Rfc1 O-O 12. Qf3 h6 13. Bh4 Rc8 14. Qh3 b5 15. g4 Nh7 16. Bg3 Na5 17. Ne2 Nc4 18. b3 Nd6 19. Qg2 Qd7 20. h4 Rxc1+ 21. Rxc1 Rc8 22. Rxc8+ Qxc8 23. g5 hxg5 24. hxg5 Nf8 25. Bxd6 Bxd6 26. g6 fxg6 27. Bxg6 Qd8 28. f4 Qh4 29. Qg3 Qxg3+ 30. Nxg3 Nxg6 0-1

[Event "December 19 Early 2023"]
[Site "https://www.chess.com"]
[Date "2023.12.19"]
[Round "10"]
[White "Klukin, Kirill"]
[Black "Marchesich, Giovanni"]
[Result "1-0"]
[Board "94"]
[TimeControl "180+1"]
[WhiteFideId "24199273"]
[BlackFideId "2824790"]
[WhiteElo "2348"]
[BlackElo "2198"]
[WhiteTeam "RUS"]
[BlackTeam "ITA"]
[WhiteClock "0:01:04"]
[BlackClock "0:01:10"]

1. d4 Nf6 2. Nf3 c5 3. e3 b6 4. Bd3 Bb7 5. O-O e6 6. c4 Be7 7. Nc3 O-O 8. d5 d6 9. dxe6 fxe6 10. Ng5 Qd7 11. Qc2 h6 12. Nh7 Nxh7 13. Bxh7+ Kh8 14. Be4 Nc6 15. Rd1 Ne5 16. b3 Rad8 17. h3 Bf6 18. Bb2 Qf7 19. Bxb7 Qxb7 20. Ne4 Qe7 21. Rd2 Nc6 22. Nxf6 gxf6 23. Rad1 Rg8 24. Qe4 Ne5 25. Qf4 Qg7 26. g3 Qg5 27. Rxd6 Rxd6 28. Rxd6 Qg6 29. Bxe5 fxe5 30. Qxe5+ Rg7 31. Rd7 Qb1+ 32. Kh2 1-0

[Event "December 19 Early 2023"]
[Site "https://www.chess.com"]
[Date "2023.12.19"]
[Round "10"]
[White "Kraus, Tomas"]
[Black "Weetik, Vjacheslav"]
[Result "0-1"]
[Board "95"]
[TimeControl "180+1"]
[WhiteFideId "331708"]
[BlackFideId "4153472"]
[WhiteElo "2371"]
[BlackElo "2469"]
[WhiteTeam "CZE"]
[BlackTeam "RUS"]
[WhiteClock "0:00:43"]
[BlackClock "0:01:14"]

1. e4 e5 2. Nf3 Nc6 3. Bb5 a6 4. Ba4 Nf6 5. O-O b5 6. Bb3 Bc5 7. c3 d6 8. d4 Bb6 9. Bg5 h6 10. Bh4 g5 11. Bg3 Qe7 12. Bd5 Bb7 13. dxe5 Nxd5 14. exd6 cxd6 15. exd5 Ne5 16. Re1 f6 17. Nxe5 fxe5 18. a4 O-O 19. Na3 Qf7 20. axb5 Bxd5 21. bxa6 Bxf2+ 22. Bxf2 Qxf2+ 23. Kh1 Bxg2# 0-1

[Event "December 19 Early 2023"]
[Site "https://www.chess.com"]
[Date "2023.12.19"]
[Round "10"]
[White "Topalov, Aleksandar"]
[Black "Melian, Juan Sebastian"]
[Result "0-1"]
[Board "96"]
[TimeControl "180+1"]
[WhiteFideId "925659"]
[BlackFideId "3706575"]
[WhiteElo "2151"]
[BlackElo "2098"]
[WhiteTeam "SRB"]
[BlackTeam "PAR"]
[WhiteClock "0:00:18"]
[BlackClock "0:00:27"]

1. b3 Nf6 2. Bb2 g6 3. Bxf6 exf6 4. c4 Bg7 5. Nc3 f5 6. e3 O-O 7. Nge2 d6 8. g3 Bd7 9. Rb1 Bc6 10. Nd5 Nd7 11. Bg2 a5 12. O-O Re8 13. a3 Nc5 14. d3 Bxd5 15. Bxd5 c6 16. Bg2 Qf6 17. b4 axb4 18. axb4 Ne6 19. b5 Rac8 20. bxc6 bxc6 21. d4 g5 22. Rb6 f4 23. Bxc6 Red8 24. Bd5 f3 25. Nc3 g4 26. h4 Qh6 27. Ne4 Bf6 28. Nxf6+ Qxf6 29. Qd3 h5 30. Rfb1 Rc7 31. Qe4 Kg7 32. Rb7 Rdd7 33. Rb8 Re7 34. Qd3 Nf8 35. Rxf8 Kxf8 36. Qh7 Re8 37. Qxh5 Qg6 38. Qh8+ Ke7 39. h5 Qxb1+ 0-1

[Event "December 19 Early 2023"]
[Site "https://www.chess.com"]
[Date "2023.12.19"]
[Round "10"]
[White "Masague Artero, Guerau"]
[Black "Szyszylo, Rafal"]
[Result "1-0"]
[Board "97"]
[TimeControl "180+1"]
[WhiteFideId "32098952"]
[BlackFideId "1109626"]
[WhiteElo "2253"]
[BlackElo "1951"]
[WhiteTeam "ESP"]
[BlackTeam "POL"]
[WhiteClock "0:00:05"]
[BlackClock "0:00:00"]

1. Nf3 d6 2. e3 Nf6 3. d4 g6 4. b4 Bg7 5. Bb2 O-O 6. Be2 Nc6 7. b5 Nb8 8. O-O Nfd7 9. c4 e5 10. Nc3 c6 11. a4 Re8 12. Qc2 a5 13. Rfd1 exd4 14. exd4 Nf6 15. h3 Bf5 16. Bd3 Bxd3 17. Qxd3 Nbd7 18. Ba3 Qc7 19. Rab1 Rad8 20. Rb3 c5 21. b6 Nxb6 22. Rdb1 Nfd7 23. d5 Rb8 24. Nb5 Qd8 25. Nxd6 Ne5 26. Nxe5 Qxd6 27. Nxf7 Kxf7 28. Rxb6 Re1+ 29. Rxe1 Qxb6 30. Re6 Qc7 31. Qe3 Bd4 32. Qe4 Rf8 33. Bc1 Kg8 34. Be3 Bxe3 35. fxe3 Qg3 36. Qe5 Qe1+ 37. Kh2 Qh4 38. Re7 Rf6 39. Rxb7 1-0

[Event "December 19 Early 2023"]
[Site "https://www.chess.com"]
[Date "2023.12.19"]
[Round "10"]
[White "Bach Ngoc Thuy Duong"]
[Black "Souleidis, Georgios"]
[Result "0-1"]
[Board "98"]
[TimeControl "180+1"]
[WhiteFideId "12408956"]
[BlackFideId "4206827"]
[WhiteElo "1970"]
[BlackElo "2401"]
[WhiteTeam "VIE"]
[BlackTeam "GRE"]
[WhiteClock "0:00:00"]
[BlackClock "0:00:02"]

1. d4 Nf6 2. c4 g6 3. Nc3 Bg7 4. e4 d6 5. Nf3 O-O 6. Be2 e5 7. O-O Bg4 8. d5 a5 9. h3 Bxf3 10. Bxf3 Na6 11. Be3 Nd7 12. a3 f5 13. Rb1 Nac5 14. b4 axb4 15. axb4 Nxe4 16. Nxe4 fxe4 17. Bxe4 Qh4 18. Bd3 e4 19. Be2 Ne5 20. c5 Bh6 21. Bxh6 Qxh6 22. Bg4 e3 23. Be6+ Kh8 24. fxe3 Qxe3+ 25. Kh1 Nd3 26. Qc2 Nf2+ 27. Kh2 Qe5+ 28. Kg1 Ne4 29. cxd6 cxd6 30. Qd3 Ng3 31. Rfe1 Qf4 32. Qc3+ Rf6 33. Qe3 Qh4 34. Rbc1 Raf8 35. Qd3 Qf4 36. Qe3 Qh4 37. Qd3 Nh5 38. Qe3 Nf4 39. Bg4 Qg5 0-1